 Dungeon Sprint DCSS version 0.21-a0-203-gb066a6e (webtiles) character file.

16746 Kidiri the Eclecticist (level 12, -6/75 HPs)
             Began as a Deep Elf Fire Elementalist on Aug 19, 2017.
             Was the Champion of Vehumet.
             Mangled by a five-headed hydra (17 damage)
             ... in the Dungeon (Sprint III: "The Ten Rune Challenge").
             The game lasted 00:28:02 (4042 turns).

Kidiri the Eclecticist (Deep Elf Fire Elementalist) Turns: 4042, Time: 00:28:03

Health: -6/75      AC:  2    Str:  5    XL:     12   Next: 12%
Magic:  26/35      EV: 21    Int: 28    God:    Vehumet [******]
Gold:   24         SH:  0    Dex: 15    Spells: 7/46 levels left

rFire    . . .     SeeInvis .   u - +0 dagger
rCold    + . .     Gourm    .   (no shield)
rNeg     . . .     Faith    .   a - +0 robe
rPois    .         Spirit   .   (helmet restricted)
rElec    .         Reflect  .   (no cloak)
rCorr    .         Harm     .   (no gloves)
MR       +....     NoTele   +   (no boots)
Stlth    ++........             (no amulet)
HPRegen  0.22/turn              (no ring)
MPRegen  0.24/turn              (no ring)

@: hasted, very quick
A: antennae 1, hooves 1, clever 1, cold resistance 1
a: Renounce Religion


You were in the Dungeon.
You worshipped Vehumet.
Vehumet was exalted by your worship.
You were not hungry.

You visited 1 branch You collected 24 gold pieces.

Inventory:

Hand Weapons
 u - a +0 dagger (weapon)
Armour
 a - a +0 robe (worn)
Scrolls
 l - a scroll of torment
 n - 4 scrolls of remove curse
 r - a scroll of immolation
Potions
 d - 3 potions of curing
 e - a potion of heal wounds
 g - 2 potions of magic
 h - a potion of berserk rage
 p - a potion of lignification
 q - 3 potions of flight
Comestibles
 s - 24 royal jellies


   Skills:
 + Level 8.7 Fighting
 + Level 9.5 Short Blades
 + Level 8.6 Armour
 + Level 12.1 Dodging
 - Level 2.4 Stealth
 * Level 17.7 Spellcasting
 + Level 11.3 Conjurations
 + Level 11.4 Fire Magic
 + Level 8.1 Ice Magic
 + Level 8.6 Air Magic
 + Level 9.8 Poison Magic


You had 7 spell levels left.
You knew the following spells:

 Your Spells              Type           Power        Failure   Level  Hunger
a - Flame Tongue          Conj/Fire      #####        0%          1    None
b - Throw Flame           Conj/Fire      ######       1%          2    None
c - Conjure Flame         Conj/Fire      ######..     1%          3    None
d - Inner Flame           Hex/Fire       ######..     1%          3    None
e - Ignite Poison         Fire/Tmut/Pois ######..     1%          3    None
f - Sticky Flame          Conj/Fire      ######..     1%          4    None
g - Fireball              Conj/Fire      ######....   1%          5    None
h - Throw Frost           Conj/Ice       ######       1%          2    None
i - Freezing Cloud        Conj/Ice/Air   ######....   1%          6    ##.....
j - Mephitic Cloud        Conj/Pois/Air  ######..     1%          3    None
k - Orb of Destruction    Conj           ######....   4%          7    #####..


Dungeon Overview and Level Annotations

Branches:
Dungeon (1/1)

Altars:
Cheibriados
Dithmenos
Elyvilon
Fedhas
Gozag
Hepliaklqana
Kikubaaqudgha
Makhleb
Nemelex Xobeh
Okawaru
Qazlal
Ru
Sif Muna
Trog
Uskayaw
Vehumet
Wu Jian
Xom
Yredelemnul
Zin
The Shining One
Beogh
Jiyva
Lugonu

Shops:
D :(!

Annotations:
D exclusion: 7 doors


Innate Abilities, Weirdness & Mutations

You have a pair of small antennae on your head.
You have large cloven feet.
Your mind is acute. (Int +2)
Your flesh is cold resistant. (rC+)


Message History

The sticky flame hits the five-headed hydra.
The five-headed hydra is lightly wounded.
The five-headed hydra is covered in liquid flames!
The five-headed hydra burns!
The five-headed hydra bites you! x2
The five-headed hydra barely misses you. x2
The five-headed hydra bites you!
* * * LOW HITPOINT WARNING * * *
You feel much better.
The flames covering the five-headed hydra go out.
The five-headed hydra stops burning.
The five-headed hydra bites you.
The five-headed hydra completely misses you.
The five-headed hydra bites you but does no damage.
The five-headed hydra bites you.
The five-headed hydra closely misses you.
You feel yourself speed up. The five-headed hydra bites you!
* * * LOW HITPOINT WARNING * * *
The five-headed hydra misses you.
The five-headed hydra closely misses you.
The five-headed hydra bites you!
You die...

#.♣♣ #♣.♣
♣.♣♣ #####
♣♣.♣ ...φ#
♣.♣♣ ....#
♣≈♣♣ D...#
♣..♣♣#{Z.#
♣♣.♣♣D####♣♣
♣♣.♣♣@....♣
♣♣..♣♣♣♣♣♣≈♣
♣...≈≈§.§≈.♣
♣...§≈≈≈§.≈♣
♣.♣..§≈.§..♣
♣♣♣♣♣♣♣♣∩∩∩♣
♣♣♣♣♣


You could see a five-headed hydra.

Vanquished Creatures
  Rupert (D)
  Snorg (D)
  2 ice dragons (D)
  A centaur warrior (D)
  4 death yaks (D)
  Urug (D)
  2 unseen horrors (D)
  A lindwurm (D)
  A deep elf mage (D)
  2 black mambas (D)
  2 spiny frogs (D)
  A rime drake (D)
  A komodo dragon (D)
  3 wandering mushrooms (D)
  A queen bee (D)
  2 tyrant leeches (D)
  8 blink frogs (D)
  3 redbacks (D)
  A shadow (D)
  A spatial vortex (D)
  A swamp drake (D)
  A necrophage (D)
  2 centaurs (D)
  A water elemental (D)
  30 killer bees (D)
  A jelly (D)
  A wizard (D)
  Jessica (D)
  A necromancer (D)
  3 humans (D)
  A kobold demonologist (D)
  A wolf (D)
  An ooze (D)
  2 swamp drake simulacra (D)
  2 rats (D)
88 creatures vanquished.

Vanquished Creatures (collateral kills)
  2 killer bees (D)
2 creatures vanquished.

Vanquished Creatures (others)
  2 draconian scorchers (D)
  6 hellions (D)
  3 yaktaurs (D)
  An electric eel (D)
  3 plants (D)
15 creatures vanquished.

Grand Total: 105 creatures vanquished

Notes
Turn   | Place    | Note
-------+----------+-------------------------------------------
     0 | D        | Kidiri the Deep Elf Fire Elementalist began the quest for the Orb.
     0 | D        | Reached XP level 1. HP: 10/10 MP: 6/6
     5 | D        | Reached skill level 1 in Armour
     5 | D        | Reached skill level 4 in Spellcasting
    32 | D        | Killed a yaktaur
    44 | D        | Noticed Jessica
    48 | D        | Killed Jessica
    48 | D        | Reached skill level 1 in Fighting
    48 | D        | Reached skill level 5 in Spellcasting
    48 | D        | Reached XP level 2. HP: 16/16 MP: 2/10
    48 | D        | Reached XP level 3. HP: 20/20 MP: 2/11
    52 | D        | Learned a level 2 spell: Throw Flame
    56 | D        | Learned a level 3 spell: Conjure Flame
    60 | D        | Learned a level 3 spell: Inner Flame
   100 | D        | Killed a hellion
   106 | D        | Killed a hellion
   111 | D        | Killed a hellion
   121 | D        | Killed a hellion
   123 | D        | Killed a hellion
   124 | D        | Killed a hellion
   169 | D        | Killed a white draconian scorcher
   176 | D        | Killed a white draconian scorcher
   355 | D        | Reached skill level 6 in Spellcasting
   380 | D        | Gained mutation: Your body sometimes deteriorates upon taking damage. [potion of mutation]
   380 | D        | Gained mutation: You expend magic power (3 MP) to strengthen your wands. [potion of mutation]
   380 | D        | Gained mutation: You are surrounded by a mild repulsion field. (EV +2) [potion of mutation]
   381 | D        | Lost mutation: Your body sometimes deteriorates upon taking damage. [potion of mutation]
   381 | D        | Lost mutation: You expend magic power (3 MP) to strengthen your wands. [potion of mutation]
   381 | D        | Lost mutation: You are surrounded by a mild repulsion field. (EV +2) [potion of mutation]
   381 | D        | Gained mutation: You expend magic power (3 MP) to strengthen your wands. [potion of mutation]
   381 | D        | Gained mutation: Your natural rate of healing is unusually fast. [potion of mutation]
   382 | D        | Lost mutation: You expend magic power (3 MP) to strengthen your wands. [potion of mutation]
   382 | D        | Lost mutation: Your natural rate of healing is unusually fast. [potion of mutation]
   382 | D        | Gained mutation: You have large cloven feet. [potion of mutation]
   382 | D        | Gained mutation: Scrolls take you a little longer to read. [potion of mutation]
   382 | D        | Gained mutation: You have a pair of small antennae on your head. [potion of mutation]
   383 | D        | Lost mutation: Scrolls take you a little longer to read. [potion of mutation]
   383 | D        | Gained mutation: Your flesh is cold resistant. (rC+) [potion of mutation]
   383 | D        | Gained mutation: Your mind is acute. (Int +2) [potion of mutation]
   482 | D        | Noticed a water elemental
   483 | D        | Killed a water elemental
   483 | D        | Reached skill level 7 in Spellcasting
   483 | D        | Reached skill level 5 in Fire Magic
   483 | D        | Reached XP level 4. HP: 27/27 MP: 8/15
   498 | D        | Learned a level 4 spell: Sticky Flame
   531 | D        | Found a radiant altar of Vehumet.
   532 | D        | Found a deep blue altar of Sif Muna.
   532 | D        | Found an ancient bone altar of Kikubaaqudgha.
   532 | D        | Noticed a wizard
   535 | D        | Noticed a ynoxinul
   536 | D        | Killed a wizard
   536 | D        | Reached skill level 5 in Dodging
   536 | D        | Reached XP level 5. HP: 21/32 MP: 6/17
   536 | D        | Reached skill level 8 in Spellcasting
   547 | D        | Became a worshipper of Vehumet
   554 | D        | Learned a level 5 spell: Fireball
   642 | D        | Found a glowing silver altar of Zin.
   643 | D        | Found a glowing golden altar of the Shining One.
   643 | D        | Found a white marble altar of Elyvilon.
   643 | D        | Noticed a deep elf mage
   650 | D        | Killed a deep elf mage
   650 | D        | Reached skill level 10 in Spellcasting
   650 | D        | Reached skill level 5 in Conjurations
   650 | D        | Reached XP level 6. HP: 18/39 MP: 13/21
   650 | D        | Reached XP level 7. HP: 20/44 MP: 14/23
   655 | D        | Learned a level 3 spell: Mephitic Cloud
   821 | D        | Found an ornate altar of the Wu Jian Council.
   821 | D        | Found a roughly hewn altar of Beogh.
   821 | D        | Found an iron altar of Okawaru.
   821 | D        | Found a bloodstained altar of Trog.
   821 | D        | Found a hide-covered altar of Uskayaw.
   821 | D        | Noticed a human
   823 | D        | Noticed a human
   835 | D        | Killed a human
   835 | D        | Killed a human
   835 | D        | Reached skill level 11 in Spellcasting
   835 | D        | Reached skill level 1 in Air Magic
   835 | D        | Reached skill level 1 in Poison Magic
   835 | D        | Reached * piety under Vehumet
   835 | D        | Offered knowledge of Sting by Vehumet.
   944 | D        | Found a basalt altar of Yredelemnul.
   944 | D        | Found a shadowy altar of Dithmenos.
   944 | D        | Found a sacrificial altar of Ru.
   970 | D        | Noticed a shadow
   975 | D        | Offered knowledge of Freeze by Vehumet.
   975 | D        | Reached ** piety under Vehumet
   975 | D        | Reached skill level 5 in Armour
   987 | D        | Killed a shadow
   987 | D        | Reached skill level 5 in Fighting
   987 | D        | Reached XP level 8. HP: 49/49 MP: 4/25
  1097 | D        | Found a blossoming altar of Fedhas.
  1097 | D        | Found a stormy altar of Qazlal.
  1097 | D        | Found a snail-covered altar of Cheibriados.
  1097 | D        | Found a burning altar of Makhleb.
  1097 | D        | Found a shimmering altar of Xom.
  1098 | D        | Found a hazy altar of Hepliaklqana.
  1098 | D        | Found an opulent altar of Gozag.
  1098 | D        | Found a sparkling altar of Nemelex Xobeh.
  1098 | D        | Found a corrupted altar of Lugonu.
  1098 | D        | Found a viscous altar of Jiyva.
  1121 | D        | Reached skill level 12 in Spellcasting
  1221 | D        | Noticed Snorg
  1225 | D        | Killed Snorg
  1225 | D        | Offered knowledge of Throw Frost by Vehumet.
  1225 | D        | Reached skill level 5 in Short Blades
  1225 | D        | Reached skill level 13 in Spellcasting
  1225 | D        | Reached XP level 9. HP: 55/55 MP: 3/28
  1499 | D        | Killed a yaktaur
  1512 | D        | Learned a level 2 spell: Throw Frost
  1512 | D        | Noticed a centaur warrior
  1515 | D        | Reached *** piety under Vehumet
  1523 | D        | Killed a centaur warrior
  1523 | D        | Offered knowledge of Ignite Poison by Vehumet.
  1523 | D        | Reached skill level 5 in Poison Magic
  1660 | D        | Learned a level 3 spell: Ignite Poison
  1667 | D        | Noticed an unseen horror
  1671 | D        | Killed an unseen horror
  1671 | D        | Reached skill level 14 in Spellcasting
  1671 | D        | Reached skill level 5 in Air Magic
  1721 | D        | Noticed an unseen horror
  1729 | D        | Killed an unseen horror
  1729 | D        | Reached **** piety under Vehumet
  1835 | D        | Noticed a queen bee
  1840 | D        | Offered knowledge of Fulminant Prism by Vehumet.
  1840 | D        | Reached XP level 10. HP: 59/61 MP: 23/30
  1847 | D        | Reached ***** piety under Vehumet
  1855 | D        | Reached ****** piety under Vehumet
  1860 | D        | Reached skill level 10 in Dodging
  1988 | D        | Offered knowledge of Orb of Destruction by Vehumet.
  1988 | D        | Reached skill level 15 in Spellcasting
  1997 | D        | Learned a level 7 spell: Orb of Destruction
  2098 | D        | Noticed a spiny frog
  2098 | D        | Noticed a spiny frog
  2104 | D        | Killed a spiny frog
  2104 | D        | Reached skill level 5 in Ice Magic
  2108 | D        | Killed a spiny frog
  2112 | D        | Reached skill level 10 in Fire Magic
  2174 | D        | Offered knowledge of Ozocubu's Refrigeration by Vehumet.
  2570 | D        | Noticed a lindwurm
  2571 | D        | Killed a lindwurm
  2571 | D        | Reached skill level 10 in Conjurations
  2571 | D        | Reached XP level 11. HP: 67/67 MP: 25/32
  2777 | D        | Noticed Urug
  2791 | D        | Killed Urug
  2791 | D        | Reached skill level 16 in Spellcasting
  3053 | D        | Offered knowledge of Freezing Cloud by Vehumet.
  3068 | D        | Learned a level 6 spell: Freezing Cloud
  3287 | D        | Noticed Rupert
  3302 | D        | Killed Rupert
  3302 | D        | Offered knowledge of Irradiate by Vehumet.
  3401 | D        | Noticed a death yak
  3402 | D        | Noticed a death yak
  3405 | D        | Noticed a death yak
  3407 | D        | Noticed a death yak
  3408 | D        | Killed a death yak
  3410 | D        | Killed a death yak
  3410 | D        | Reached skill level 17 in Spellcasting
  3412 | D        | Killed a death yak
  3419 | D        | Killed a death yak
  3562 | D        | Reached XP level 12. HP: 56/75 MP: 8/35
  3591 | D        | Noticed an azure jelly
  3591 | D        | Noticed an azure jelly
  3594 | D        | Noticed an azure jelly
  3594 | D        | Noticed an azure jelly
  3700 | D        | Noticed an ice dragon
  3702 | D        | Noticed an ice dragon
  3711 | D        | Killed an ice dragon
  3845 | D        | Killed an ice dragon
  3845 | D        | Offered knowledge of Poison Arrow by Vehumet.
  3850 | D        | Found Gufeox's Book Shoppe.
  3850 | D        | Found Esytatol's Antique Weapon Boutique.
  3850 | D        | Found Owoireb's Distillery.
  4037 | D        | Noticed an ice dragon
  4037 | D        | Noticed a five-headed hydra
  4042 | D        | Mangled by a five-headed hydra

Vault maps used:
D:        dungeon_sprint_mu

Skill      XL: |  1  2  3  4  5  6  7  8  9 10 11 12 |
---------------+-------------------------------------+-----
Armour         | 1 2 3 4 5 6 7 8 |  8.6
Spellcasting   | 5 7 10 11 13 14 15 17 | 17.7
Fighting       | 1 2 4 5 6 7 8 |  8.7
Dodging        | 3 4 5 6 7 8 9 10 12 | 12.1
Conjurations   | 2 3 4 5 6 7 8 10 11 | 11.3
Fire Magic     | 4 5 6 7 8 9 10 11 | 11.4
Short Blades   | 3 4 5 6 7 9 |  9.5
Air Magic      | 2 4 5 6 8 |  8.6
Poison Magic   | 3 4 6 8 9 |  9.8
Ice Magic      | 3 5 7 8 |  8.1
Stealth        | |  2.4

Action                   |  1- 3 |  4- 6 |  7- 9 | 10-12 || total
-------------------------+-------+-------+-------+-------++-------
Melee: Dagger            |       |     1 |    11 |    22 ||    34
       Kick              |       |     1 |     3 |     3 ||     7
 Cast: Flame Tongue      |    20 |     1 |    50 |    20 ||    91
       Conjure Flame     |     1 |       |     4 |     4 ||     9
       Throw Flame       |     1 |       |       |     5 ||     6
       Sticky Flame      |       |     3 |     8 |    27 ||    38
       Mephitic Cloud    |       |       |     3 |    13 ||    16
       Inner Flame       |       |       |     1 |       ||     1
       Fireball          |       |       |     5 |       ||     5
       Ignite Poison     |       |       |     2 |    11 ||    13
       Orb of Destructio |       |       |       |    23 ||    23
       Freezing Cloud    |       |       |       |     4 ||     4
  Use: Potion            |     4 |       |       |     2 ||     6
       Scroll            |       |     3 |       |     1 ||     4
 Stab: Sleeping          |       |     1 |       |     1 ||     2
       Confused          |       |       |     3 |       ||     3
  Eat: Chunk             |       |       |     1 |       ||     1
       Bread ration      |       |       |     1 |       ||     1
       Meat ration       |       |       |       |     1 ||     1
       Royal jelly       |       |       |       |     5 ||     5
Armor: Robe              |       |       |     2 |     3 ||     5
Dodge: Dodged            |     5 |     2 |    12 |    61 ||    80
